 Dungeon Crawl Stone Soup version 0.31-a0-217-g58bb5d79cf (webtiles) character file.

Game seed: 5841612220949181394

20176 olmar the Geomancer (level 12, -6/85 HPs)
             Began as a Demigod Earth Elementalist on July 3, 2023.
             Shot with a bolt by an orc knight (25 damage)
             ... on level 2 of the Orcish Mines.
             The game lasted 00:33:07 (17489 turns).

olmar the Geomancer (Demigod Earth Elementalist)   Turns: 17489, Time: 00:33:08

Health: -6/85      AC:  9    Str:  9    XL:     12   Next: 14%
Magic:  28/40      EV: 18    Int: 33    God:
Gold:   1554       SH:  0    Dex: 14    Spells: 13/32 levels left

rFire   + . .        Q - +7 staff of the Meek {protect, meekguard}
rCold   . . .        (shield currently unavailable)
rNeg    . . .        N - +2 robe {rF+}
rPois   .            (no helmet)
rElec   .            K - +2 cloak {rCorr}
rCorr   +            (no gloves)
SInv    +            f - +1 pair of boots
Will    +....        U - amulet of magic regeneration
Stlth   +++          k - ring "Xeefenur" {MP+9 SInv}
HPRegen 0.34/turn    B - +5 ring of evasion
MPRegen 0.67/turn

%: no passive effects
@: no status effects
A: high MP 1, forlorn, divine attributes
a: no special abilities


You were on level 2 of the Orcish Mines.
You visited 3 branches of the dungeon, and saw 14 of its levels.

You collected 1554 gold pieces.

Inventory:

Hand Weapons
 Q - the +7 staff of the Meek (weapon) {protect, meekguard}
   (You took it off an orc priest on level 9 of the Dungeon)
 S - a +3 quarterstaff of speed
Missiles
 o - a throwing net
 s - 6 javelins
Armour
 a - a +0 robe
 f - a +1 pair of boots (worn)
 v - +0 steam dragon scales
 K - a +2 cloak of preservation (worn)
 N - a +2 robe of fire resistance (worn)
Jewellery
 j - a +5 ring of evasion
 k - the ring "Xeefenur" (left hand) {MP+9 SInv}
   (You took it off a gnoll on level 9 of the Dungeon)

   [ring of magical power]

   MP:        It affects your magic capacity (+9).
   SInv:      It lets you see invisible.
 n - a +6 ring of intelligence
 y - a ring of fire
 B - a +5 ring of evasion (right hand)
 U - an amulet of magic regeneration (around neck)
 W - a ring of positive energy
Wands
 x - a wand of polymorph (15)
 H - a wand of digging (6)
 I - a wand of light (9)
 J - a wand of roots (1)
 L - a wand of flame (25)
 P - a wand of mindburst (2)
Scrolls
 d - 3 scrolls of teleportation
 e - a scroll of amnesia {unknown}
 g - 2 scrolls of fog
 i - 2 scrolls of noise
 p - a scroll of enchant weapon {unknown}
 q - 2 scrolls of enchant armour
 t - a scroll of silence {unknown}
 u - 4 scrolls of poison
 w - a scroll of torment {unknown}
 A - 4 scrolls of blinking {unknown}
 C - a scroll of fear {unknown}
 G - a scroll of vulnerability
 O - a scroll of brand weapon {unknown}
Potions
 b - 3 potions of magic
 c - a potion of enlightenment
 h - a potion of curing
 l - a potion of ambrosia
 m - 3 potions of mutation
 r - a potion of lignification
 z - 2 potions of cancellation
 D - 2 potions of brilliance {unknown}
 E - a potion of might {unknown}
 F - a potion of invisibility {unknown}
 M - a potion of resistance {unknown}
 R - a potion of berserk rage {unknown}
 V - a potion of heal wounds


   Skills:
 + Level 1.7 Fighting
 - Level 0.1 Short Blades
 + Level 3.7 Staves
 - Level 0.1 Throwing
 - Level 3.8 Dodging
 - Level 4.2 Stealth
 + Level 10.8 Spellcasting
 + Level 7.8 Conjurations
 + Level 2.5 Hexes
 + Level 0.2 Summonings
 + Level 2.8 Transmutations
 + Level 11.0 Earth Magic
 + Level 0.3 Evocations


You had 13 spell levels left.
You knew the following spells:

 Your Spells              Type           Power      Damage    Failure   Level
a - Sandblast             Erth           100%       2d20      1%          1
b - Stone Arrow           Conj/Erth      100%       3d13      1%          3
c - Passwall              Tmut/Erth      49%        N/A       1%          2
d - Petrify               Tmut/Erth      59%        N/A       1%          4
e - Slow                  Hex            100%       N/A       1%          1
f - Leda's Liquefaction   Hex/Erth       29%        N/A       1%          4
g - Summon Small Mammal   Summ           76%        N/A       2%          1
h - Summon Guardian Gole  Hex/Summ       26%        N/A       4%          3

Your spell library contained the following spells:

 Spells                   Type           Power      Damage    Failure   Level
 Apportation              Tloc           34%        N/A       2%          1
 Necrotise                Necr           68%        1d7       2%          1
 Ensorcelled Hibernation  Hex/Ice        52%        N/A       2%          2
 Confusing Touch          Hex            34%        N/A       2%          3
 Portal Projectile        Hex/Tloc       52%        N/A       4%          3
 Spider Form              Tmut/Pois      27%        N/A       4%          3
 Call Canine Familiar     Summ           19%        N/A       7%          3
 Vampiric Draining        Necr           17%        2d7       8%          3
 Anguish                  Hex/Necr       13%        N/A       16%         4


Dungeon Overview and Level Annotations

Branches:
Dungeon (10/15)            Temple (0/1) D:7            Lair (2/5) D:10
    Orc (2/2) D:9
  Swamp: Lair:2-3    Shoals: Lair:2-3     Snake: Lair:2-3    Spider: Lair:2-3
    Elf: Orc:2

Shops:
Orc:2 (

Annotations:
D:7 2 runed translucent doors, Brisketman's ghost, novice HuIE


Innate Abilities, Weirdness & Mutations

You have an increased reservoir of magic. (+10% MP)
You shall have no god before yourself.
Your divine heritage dramatically boosts your attributes as you level up.


Message History

Aim: an orc knight, wielding a +0 great sword and wearing a +0 plate armour (moderately wounded, petrified, slow, chance to affect: 38%) Nothing appears to happen.
The orc knight shouts!
The orc knight unwields a +0 great sword.
The orc knight wields a +2 arbalest of flaming.
It bursts into flame!
The orc knight shoots a bolt.
The bolt hits you!!
* * * LOW HITPOINT WARNING * * *
The bolt burns you.
* * * LOW HITPOINT WARNING * * *
Okay, then.
You feel better.
The orc knight shoots a bolt.
The bolt misses you.
Casting: Slow (safe; 1% risk of failure)
Confirm with . or Enter, or press ? or * to list all spells.
Aiming: Petrify (dangerous; 1% risk of failure)
Press: ? - help, Shift-Dir - straight line, f/p - orc knight
Aim: an orc knight, wielding a +0 great sword and wearing a +0 plate armour (moderately wounded, petrified, slow, chance to affect: 59%)
Okay, then.
Casting: Petrify (dangerous; 1% risk of failure)
Confirm with . or Enter, or press ? or * to list all spells.
Okay, then.
Casting: Petrify (dangerous; 1% risk of failure)
Confirm with . or Enter, or press ? or * to list all spells.
A guardian golem appears, shielding your allies.
Unknown command.
Casting: Summon Guardian Golem (dangerous; 4% risk of failure)
Confirm with . or Enter, or press ? or * to list all spells.
Aiming: Petrify (dangerous; 1% risk of failure)
Press: ? - help, Shift-Dir - straight line, f - orc knight, p - orc knight
Aim: an orc knight, wielding a +2 arbalest of flaming and wearing a +0 chain mail (chance to affect: 59%)
The orc knight resists with significant effort.
The orc knight shoots a bolt.
The bolt barely misses you.
Unknown command.
Casting: Petrify (dangerous; 1% risk of failure)
Confirm with . or Enter, or press ? or * to list all spells.
Aiming: Petrify (dangerous; 1% risk of failure)
Press: ? - help, Shift-Dir - straight line, f/p - orc knight
Aim: an orc knight, wielding a +2 arbalest of flaming and wearing a +0 chain mail (chance to affect: 59%)
The orc knight resists with significant effort.
The orc knight shoots a bolt.
The bolt hits you!!
You die...

##.### #.#§§.........
###....# ..#§§.........
#......## #.#§§≈..##....
###.<...## #.#≈≈.≈###....
####....<...###.##≈≈§##.....
#..#[...#.....#..##≈##......
#..[.o[###.....[[####.......
##....###......o#[))........
#....###...@.#.###.).....#.#
#......##...).## ###........
##.....o..9.)## ##.......
##.#......[## ##......
###.....)## ##.....
###..)..## #......
###....[...## ##.....
###...........### ######
##.....[.##......## #####


You could see 2 orc knights and a friendly guardian golem (summoned).

Vanquished Creatures
  A hydra (Lair:2)
  2 two-headed ogres
  An orc high priest (Orc:2)
  A skyshark (Lair:2)
  Lodul (D:10)
  Pikel (D:8)
  An orc sorcerer (Orc:2)
  Joseph (D:10)
  Maurice (D:8)
  Maggie (D:7)
  7 cane toads
  2 komodo dragons (Lair:2)
  3 trolls
  A hornet (D:10)
  A vampire (D:9)
  2 wyverns
  9 yaks
  A wraith (D:10)
  Grum (D:8)
  2 basilisks (Lair:1)
  A steam dragon (D:7)
  An acid dragon (D:10)
  8 water moccasins
  Duvessa (D:7)
  14 orc warriors
  4 sky beasts
  2 black bears (D:6)
  An ice beast (D:6)
  14 ogres
  12 wolves
  7 centaurs
  3 lemures
  2 kobold brigands
  3 gnoll sergeants
  Blork the orc (D:6)
  8 bullfrogs
  3 scorpions
  9 wights
  Dowan (D:7)
  A howler monkey (D:9)
  4 electric eels
  6 hounds
  2 jellies
  16 orc priests
  A gnoll bouda (D:8)
  Jessica (D:2)
  2 sleepcaps
  3 iguanas
  16 orc wizards
  13 adders
  26 gnolls
  A white imp (D:5)
  An ufetubus (D:5)
  A worm (D:4)
  2 dart slugs (D:1)
  41 orcs
  4 bats
  7 endoplasms
  A giant cockroach (D:1)
  6 goblins
  7 hobgoblins
  8 jackals
  5 quokkas
  8 ball pythons
  2 frilled lizards
  20 kobolds
  5 rats
345 creatures vanquished.

Vanquished Creatures (others)
  An orc (D:9)
1 creature vanquished.

Grand Total: 346 creatures vanquished

Notes
Turn   | Place    | Note
-------+----------+-------------------------------------------
     0 | D:1      | olmar the Demigod Earth Elementalist began the quest for
                  | the Orb.
     0 | D:1      | Reached XP level 1. HP: 14/14 MP: 5/5
   234 | D:1      | Reached skill level 3 in Earth Magic
   256 | D:1      | Reached XP level 2. HP: 20/20 MP: 5/7
  1075 | D:2      | Reached XP level 3. HP: 19/26 MP: 5/9
  1247 | D:1      | Learned a level 3 spell: Stone Arrow
  1250 | D:1      | Learned a level 2 spell: Passwall
  1334 | D:2      | Reached XP level 4. HP: 33/33 MP: 8/11
  1363 | D:2      | Noticed Jessica
  1372 | D:2      | Killed Jessica
  1373 | D:2      | Reached skill level 4 in Earth Magic
  1585 | D:2      | Reached XP level 5. HP: 36/38 MP: 2/12
  3183 | D:4      | You fall into a shaft and drop 3 floors!
  3188 | D:7      | Noticed a sky beast
  3250 | D:7      | Killed a sky beast
  3251 | D:7      | Reached XP level 6. HP: 45/45 MP: 7/14
  3337 | D:7      | Noticed a water moccasin
  3343 | D:7      | Reached skill level 1 in Conjurations
  3500 | D:7      | Noticed a two-headed ogre
  3506 | D:7      | Killed a two-headed ogre
  3507 | D:7      | Reached skill level 5 in Earth Magic
  3507 | D:7      | Reached XP level 7. HP: 50/50 MP: 5/17
  3589 | D:7      | Noticed Maggie
  3610 | D:7      | Reached skill level 5 in Spellcasting
  3620 | D:7      | Reached XP level 8. HP: 34/57 MP: 0/19
  3694 | D:7      | Reached skill level 6 in Earth Magic
  3762 | D:7      | Found a large runed translucent door.
  3762 | D:7      | Found a large runed translucent door.
  3765 | D:7      | Noticed Brisketman's ghost (novice HuIE)
  3982 | D:7      | Found a staircase to the Ecumenical Temple.
  3999 | D:7      | Killed Maggie
  4114 | D:7      | Noticed Dowan
  4124 | D:7      | Learned a level 4 spell: Petrify
  4127 | D:7      | Noticed Duvessa
  4358 | D:5      | Entered Level 5 of the Dungeon
  5722 | D:5      | Reached skill level 7 in Earth Magic
  6167 | D:5      | Reached XP level 9. HP: 63/63 MP: 15/22
  7147 | D:6      | Reached skill level 5 in Conjurations
  7453 | D:6      | Noticed Blork the orc
  7459 | D:6      | Killed Blork the orc
  7904 | D:7      | Reached skill level 8 in Earth Magic
  8358 | D:7      | Killed Dowan
  8619 | D:7      | Reached skill level 1 in Transmutations
  8687 | D:7      | Learned a level 1 spell: Slow
  8814 | D:7      | Killed Duvessa
  9281 | D:8      | Noticed a two-headed ogre
  9296 | D:8      | Killed a two-headed ogre
  9351 | D:8      | Noticed Maurice
  9363 | D:8      | Reached XP level 10. HP: 52/70 MP: 2/26
  9364 | D:8      | Killed Maurice
  9602 | D:8      | Reached skill level 9 in Earth Magic
 10368 | D:9      | Noticed Grum
 10374 | D:8      | Killed Grum
 10434 | D:9      | Noticed Pikel
 10482 | D:8      | Killed Pikel
 11347 | D:9      | Identified the ring "Xeefenur" {MP+9 SInv}
 11406 | D:9      | Found a staircase to the Orcish Mines.
 11496 | D:9      | Learned a level 4 spell: Leda's Liquefaction
 11688 | Orc:1    | Entered Level 1 of the Orcish Mines
 11906 | Orc:2    | Entered Level 2 of the Orcish Mines
 12076 | Orc:2    | Reached skill level 1 in Fighting
 12621 | Orc:2    | Noticed an orc high priest
 12629 | Orc:2    | Killed an orc high priest
 12630 | Orc:2    | Reached skill level 1 in Staves
 12636 | Orc:2    | Reached XP level 11. HP: 70/77 MP: 5/28
 12828 | Orc:2    | Reached skill level 1 in Hexes
 13063 | Orc:2    | Found Xikhlox's Antique Weapon Boutique.
 13078 | Orc:2    | Noticed an orc knight
 13087 | Orc:2    | Noticed an orc knight
 13319 | Orc:1    | Reached skill level 10 in Earth Magic
 13650 | D:10     | Entered Level 10 of the Dungeon
 14105 | D:10     | Noticed Lodul
 14108 | D:10     | Killed Lodul
 14469 | D:10     | Found a staircase to the Lair.
 14483 | D:10     | Noticed Joseph
 14507 | D:10     | Killed Joseph
 14685 | Lair:1   | Entered Level 1 of the Lair of Beasts
 14812 | Lair:1   | Reached skill level 10 in Spellcasting
 15077 | Lair:1   | Learned a level 1 spell: Summon Small Mammal
 16634 | Lair:2   | Noticed a skyshark
 16652 | Lair:2   | Killed a skyshark
 16797 | Lair:2   | Reached XP level 12. HP: 84/84 MP: 30/31
 16955 | Lair:2   | Learned a level 3 spell: Summon Guardian Golem
 17073 | Lair:2   | Noticed a five-headed hydra
 17089 | Lair:2   | Killed a five-headed hydra
 17090 | Lair:2   | Reached skill level 11 in Earth Magic
 17489 | Orc:2    | Shot with a bolt by an orc knight

Illustrated notes

Levels and vault maps discovered:
D:1:      nzn_arrival_settlement, layout_loops_ring
D:2:      layout_rooms, nicolae_grassy_gnolls, uniq_jessica
D:3:      layout_basic, nicolae_vehumet_altar_sigil,
          hellmonk_ecumenical_altar_crossroads, nicolae_titane
D:4:      layout_rooms, mainiacjoe_overflow_brackets,
          mainiacjoe_overflow_alcove_2, minmay_fractal_squares_diagonal_5
D:5:      layout_cave_pods, mainiacjoe_overflow_big_doors
D:6:      minmay_angry_zag, layout_gridville, tgw_sif, minivault_27,
          minmay_stone_trees_small
D:7:      layout_gridville, nicolae_hepliaklqana_ecumenical_no_more,
          grunt_dithmenos_smoke_and_mirrors, zin_academy,
          chequers_temple_overflow_statue_of_worship,
          minmay_temple_entry_sparse_star, ebering_ghost_disaster_area,
          uniq_maggie, uniq_duvessa
D:8:      layout_basic, uniq_maurice
D:9:      layout_cross, minmay_orc_entry_temple_small, nzn_life_drinkers,
          uniq_pikel, uniq_grum
D:10:     layout_loops_corners, erik_lair_island, serial_shops, shop,
          uniq_joseph, uniq_amaemon, uniq_lodul
Lair:1:   layout_cave_shapes, serial_bayou_shore_a, serial_bayou_shore_b,
          grunt_megastairs_4
Lair:2:   layout_gridlike
Orc:1:    layout_diamond_mine
Orc:2:    st_orc_elflike, layout_diamond_mine, basic_altar,
          nicolae_orc_lava_room

Skill      XL: |  1  2  3  4  5  6  7  8  9 10 11 12 |
---------------+-------------------------------------+-----
Spellcasting   | 2 3 4 5 6 7 9 10 | 10.8
Earth Magic    | 3 4 5 7 8 9 10 11 | 11.0
Stealth        | 2 3 4 |  4.2
Dodging        | 2 3 |  3.8
Conjurations   | 2 3 4 5 6 7 |  7.8
Transmutations | 1 2 |  2.8
Fighting       | 1 |  1.7
Staves         | 1 3 |  3.7
Hexes          | 2 |  2.5
Short Blades   | |  0.1
Throwing       | |  0.1
Summonings     | |  0.2
Evocations     | |  0.3

Action                     |  1- 3 |  4- 6 |  7- 9 | 10-12 || total
---------------------------+-------+-------+-------+-------++-------
  Melee: Unarmed           |     1 |     1 |       |       ||     2
         Dagger            |       |       |     7 |    53 ||    60
         Quarterstaff      |       |       |       |    96 ||    96
         Punch             |       |       |       |     1 ||     1
  Throw: Throwing net      |       |     1 |    10 |       ||    11
   Cast: Sandblast         |    61 |    28 |    46 |    51 ||   186
         Stone Arrow       |       |    23 |   117 |   268 ||   408
         Petrify           |       |       |     7 |    19 ||    26
         Slow              |       |       |     3 |    16 ||    19
         Leda's Liquefacti |       |       |       |     4 ||     4
         Summon Small Mamm |       |       |       |     4 ||     4
         Summon Guardian G |       |       |       |     3 ||     3
         Passwall          |       |       |       |     1 ||     1
  Evoke: Wand              |       |       |       |    15 ||    15
    Use: Scroll            |     1 |     2 |     4 |     8 ||    15
         Potion            |       |       |       |     4 ||     4
   Stab: Petrified         |       |       |       |    12 ||    12
 Armour: Robe              |     8 |     1 |     1 |    17 ||    27
         Steam dragon scal |       |       |    11 |    54 ||    65
  Dodge: Dodged            |    29 |     7 |    69 |   300 ||   405

Table legend: (Time is in decaauts)
 A = Elapsed time spent in this place.
 B = Non-inter-level travel time spent in this place.
 C = Inter-level travel time spent in this place.
 D = Time resting spent in this place.
 E = Time spent auto-exploring this place.
 F = Levels seen in this place.
 G = Mean time per level.
                   A        B        C        D        E       F      G
               +--------+--------+--------+--------+--------+-----+--------+
         Total |  17631 |  17000 |    631 |   6939 |   7576 |  14 | 1259.4 |
       Dungeon |  12915 |  12439 |    476 |   4508 |   6062 |  10 | 1291.5 |
          Lair |   2703 |   2593 |    110 |   1309 |   1007 |   2 | 1351.5 |
  Orcish Mines |   2012 |   1967 |     45 |   1122 |    507 |   2 | 1006.0 |
               +--------+--------+--------+--------+--------+-----+--------+

Top non-repeatable levels by time:
     D:7: 2229 daAuts
  Lair:1: 1840 daAuts
     D:8: 1829 daAuts
     D:5: 1452 daAuts
     D:6: 1376 daAuts
   Orc:2: 1277 daAuts
     D:1: 1257 daAuts
    D:10: 1103 daAuts
     D:3: 1085 daAuts
     D:4: 910 daAuts
     D:9: 879 daAuts
  Lair:2: 863 daAuts
     D:2: 791 daAuts
   Orc:1: 734 daAuts
